 Dungeon Crawl Stone Soup version 0.30-a0-118-ga018f8e90f (webtiles) character file.

Game seed: 2259653813844449753

1796 ytrimaz the Insei (level 9, -6/80 HPs)
             Began as a Gnoll Transmuter on Sept 13, 2022.
             Killed by divine providence
             ... invoked by an orc priest
              (14 damage)
             ... on level 7 of the Dungeon.
             The game lasted 00:10:40 (8201 turns).

ytrimaz the Insei (Gnoll Transmuter)                Turns: 8201, Time: 00:10:42

Health: -6/80      AC:  8    Str: 10    XL:     9   Next: 9%
Magic:  18/18      EV: 12    Int: 22    God:
Gold:   494        SH:  0    Dex: 13    Spells: 11/21 levels left

rFire   x . .      SeeInvis .      - Unarmed
rCold   + + +      Faith    .    (shield currently unavailable)
rNeg    . . .      Spirit   .    (body armour currently unavailable)
rPois   +          Reflect  .    (helmet currently unavailable)
rElec   .          Harm     .    (cloak currently unavailable)
rCorr   .          Rampage  .    (gloves currently unavailable)
Will    .....                    (boots currently unavailable)
Stlth   ++........               t - amulet of magic regeneration
HPRegen 0.23/turn                v - +6 ring of intelligence
MPRegen 0.56/turn                (no ring)

@: ice-form, wereblooded, invisible
A: freezing attack, amphibious, boosted hp, large, (fangs 1), strong nose,
distributed training, (iridescent scales 1), wild magic 1
a: End Transformation


You were on level 7 of the Dungeon.
You were a creature of crystalline ice.
You visited 2 branches of the dungeon, and saw 8 of its levels.

You collected 494 gold pieces.


Innate Abilities, Weirdness & Mutations

You are a creature of crystalline ice.
You have a powerful freezing melee attack.
You are amphibious.
Your maximum health is increased.
Your armour is entirely melded.
You are incapable of wielding weapons or throwing items.
((You have very sharp teeth.))
Your uncanny sense of smell can sniff out nearby items.
Your experience applies equally to all skills.
((You are partially covered in iridescent scales. (AC +2)))
Your spells are a little harder to cast, but a little more powerful.


   Skills:
 + Level 4.9 Fighting
 + Level 4.0 Short Blades
 + Level 4.0 Long Blades
 + Level 4.0 Axes
 + Level 4.0 Maces & Flails
 + Level 4.0 Polearms
 + Level 4.0 Staves
 + Level 4.0 Ranged Weapons
 + Level 4.0 Throwing
 + Level 4.0 Armour
 + Level 6.2 Dodging
 + Level 4.0 Stealth
 + Level 4.0 Shields
 + Level 7.8 Unarmed Combat
 + Level 6.5 Spellcasting
 + Level 3.3 Conjurations
 + Level 3.3 Hexes
 + Level 3.3 Summonings
 + Level 3.3 Necromancy
 + Level 3.3 Translocations
 + Level 5.1 Transmutations
 + Level 3.3 Fire Magic
 + Level 3.3 Ice Magic
 + Level 3.3 Air Magic
 + Level 3.3 Earth Magic
 + Level 3.3 Poison Magic
 + Level 4.4 Invocations
 + Level 4.0 Evocations


You had 11 spell levels left.
You knew the following spells:

 Your Spells              Type           Power      Damage    Failure   Level
a - Beastly Appendage     Tmut           76%        N/A       2%          1
b - Wereblood             Tmut           38%        N/A       3%          2
c - Spider Form           Tmut/Pois      33%        N/A       8%          3
d - Ice Form              Ice/Tmut       33%        N/A       22%         4

Your spell library contained the following spells:

 Spells                   Type           Power      Damage    Failure   Level
 Apportation              Tloc           56%        N/A       4%          1
 Necrotise                Necr           100%       1d9       4%          1
 Summon Small Mammal      Summ           100%       N/A       4%          1
 Fireball                 Conj/Fire      14%        3d8       61%         5
 Starburst                Conj/Fire      14%        6d6       99%         6
 Ignition                 Fire           14%        3d6       100%        8

Inventory:

Armour
 a - a +0 robe
 g - +0 acid dragon scales
   (You took it off Maggie on level 6 of the Dungeon)
 j - a +0 hat (melded)
   (You found it on level 2 of the Dungeon)
 k - a scarf of shadows (melded)
   (You found it on level 4 of the Dungeon)
 s - a +1 robe of willpower (melded)
   (You found it on level 4 of the Dungeon)
Jewellery
 c - an amulet of the acrobat
   (You found it on level 1 of the Dungeon)
 t - an amulet of magic regeneration (around neck)
   (You found it on level 4 of the Dungeon)
 v - a +6 ring of intelligence (left front paw)
   (You found it on level 7 of the Dungeon)
Wands
 q - a wand of flame (12)
   (You found it on level 4 of the Dungeon)
Scrolls
 n - 2 scrolls of vulnerability
 r - a scroll of blinking
Potions
 b - 3 potions of curing
 d - a potion of magic {unknown}
 e - a potion of attraction {unknown}
 f - a potion of haste {unknown}
 h - 2 potions of degeneration {unknown}
 i - a potion of berserk rage {unknown}
 l - 2 potions of heal wounds {unknown}
 m - a potion of invisibility
 o - a potion of resistance {unknown}
 p - a potion of mutation
 w - 2 potions of flight {unknown}

Dungeon Overview and Level Annotations

Branches:
Dungeon (7/15) Zot: 24733  Temple (1/1) D:4 Zot: 5910

Altars:
Ashenzari
Dithmenos
Elyvilon
Fedhas
Hepliaklqana
Kikubaaqudgha
Makhleb
Nemelex Xobeh
Qazlal
Ru
Sif Muna
Trog
Uskayaw
Vehumet
Wu Jian
Xom
Yredelemnul
Zin
The Shining One

Shops:
D:4 =

Annotations:
D:7 2 transporters, osoart's ghost, novice SpHu

######## #######.......
#.......#########
##.###...........#
####...##.#########.#
#..<......# #.#
#.........#########.#
#...........##ooY...#
#........©...#o######
..##...#####...#
#.##..##STD##..##
#.#..##.###o##..##
#...##~...~.~##..##
#..##8.~.....8##..##
..##~~#.###.#..##.o## ##.#
.##....##.##....##oo#....##


You could see a steam dragon (unable to see you), an orc warrior (unable to see
you), an orc priest (unable to see you) and an orc (unable to see you).


Message History

Deactivating autopickup; reactivate with Ctrl-A.
The orc priest begins to cast a cantrip, but forgets the words! 😎 MP[-3]
You lost 3 mp, and now have 15/18 mp.
The orc priest looks braver for a moment. 😎 MP[+1] 😎 MP[+1]
Your transformation has ended.
Your scarf of shadows unmelds from your body.
Your +0 hat unmelds from your body.
Your +1 robe of willpower unmelds from your body.
It gets dark.
You feel strong-willed. 😎 MP[+1]
Your mp is fully restored (18).
A puff of flame appears from out of thin air!
The puff of flame hits you! 😕 HP[-7]
You take 7 damage, and now have 60/67 hp.
Casting: Spider Form (dangerous; 8% risk of failure)
Confirm with . or Enter, or press ? or * to list all spells.
You turn into a creature of crystalline ice.
Your scarf of shadows melds into your body.
Your +0 hat melds into your body.
Your +1 robe of willpower melds into your body.
The dungeon's light returns to normal.
You feel less strong-willed.
A puff of flame appears from out of thin air!
The puff of flame hits you!
The fire burns you terribly! 😕 HP[+5] MP[-3]
You now have 80 max hp (+13).
You regained 5 hp, and now have 65/80 hp.
You lost 3 mp, and now have 15/18 mp.
There is a strange disturbance nearby! 😕 HP[+1]
Casting: Ice Form (dangerous; 22% risk of failure)
Confirm with . or Enter, or press ? or * to list all spells.
Your blood is infused with primal strength.
The orc priest calls down the wrath of Beogh upon you.
Beogh smites you! 😮 HP[-14] MP[-1]
You take 14 damage, and now have 52/80 hp.
You lost 1 mp, and now have 14/18 mp.
Unknown command.
Something hits you. 😮 HP[-4]
You take 4 damage, and now have 48/80 hp.
You closely miss something. 😮 MP[+1]
You miss something. Something hits you. 😮 HP[-1]
You take 1 damage, and now have 47/80 hp.
You barely miss something.
The orc priest mumbles some strange prayers to Beogh against you.
Beogh smites you!
* * * LOW HITPOINT WARNING * * *
Something hits you but does no damage. 😨 HP[-8] MP[+1]
You take 8 damage, and now have 39/80 hp.
Unknown command.
You miss something. Something hits you but does no damage.
The orc warrior hits you from afar with a +0 trident.
* * * LOW HITPOINT WARNING * * *
😨 HP[-2]
You take 2 damage, and now have 37/80 hp.
You hit something. You freeze something. Something hits you.
* * * LOW HITPOINT WARNING * * *
The orc warrior barely misses you. 😨 HP[-4] MP[+1]
You take 4 damage, and now have 33/80 hp.
You hit something. You freeze something. Something hits you.
* * * LOW HITPOINT WARNING * * *
The orc warrior completely misses you.
Unknown command. 😨 HP[-1]
You take 1 damage, and now have 32/80 hp.
You hit something. You freeze something.
Your magical contamination has completely faded away.
You closely miss something. Something barely misses you.
The orc priest casts a cantrip, but nothing happens.
The orc warrior hits you from afar with a +0 trident!
* * * LOW HITPOINT WARNING * * *
😨 HP[-8] MP[+1]
You take 8 damage, and now have 24/80 hp.
Your mp is fully restored (18).
Unknown command.
You pummel something!! You freeze something.
You feel a bit better.
Reactivating autopickup.
You feel a bit more experienced.
The orc warrior hits you from afar with a +0 trident!
* * * LOW HITPOINT WARNING * * *
😱 HP[-8]
You take 8 damage, and now have 16/80 hp.
The orc warrior hits you with a +0 trident!
* * * LOW HITPOINT WARNING * * *
Things that are here:
a +0 dagger; a +0 robe; 😱 HP[-8]
You take 8 damage, and now have 8/80 hp.
You fade into invisibility!
The orc priest calls down the wrath of Beogh upon you.
Beogh smites you!
You die...

Skill      XL: |  1  2  3  4  5  6  7  8  9 |
---------------+----------------------------+-----
Spellcasting   | 5 6 |  6.5
Short Blades   | 1 2 3 4 |  4.0
Long Blades    | 1 2 3 4 |  4.0
Axes           | 1 2 3 4 |  4.0
Maces & Flails | 1 2 3 4 |  4.0
Polearms       | 1 2 3 4 |  4.0
Staves         | 1 2 3 4 |  4.0
Ranged Weapons | 1 2 3 4 |  4.0
Throwing       | 1 2 3 4 |  4.0
Armour         | 1 2 3 4 |  4.0
Stealth        | 1 2 3 4 |  4.0
Shields        | 1 2 3 4 |  4.0
Invocations    | 1 2 3 4 |  4.4
Evocations     | 1 2 3 4 |  4.0
Conjurations   | 1 2 3 |  3.3
Hexes          | 1 2 3 |  3.3
Summonings     | 1 2 3 |  3.3
Necromancy     | 1 2 3 |  3.3
Translocations | 1 2 3 |  3.3
Fire Magic     | 1 2 3 |  3.3
Ice Magic      | 1 2 3 |  3.3
Air Magic      | 1 2 3 |  3.3
Earth Magic    | 1 2 3 |  3.3
Poison Magic   | 1 2 3 |  3.3
Fighting       | 3 4 |  4.9
Transmutations | 4 5 |  5.1
Dodging        | 5 6 |  6.2
Unarmed Combat | 7 |  7.8

Action                   |  1- 3 |  4- 6 |  7- 9 || total
-------------------------+-------+-------+-------++-------
Melee: Unarmed           |    47 |   107 |   179 ||   333
       Headbutt          |     2 |     1 |     7 ||    10
       Kick              |     4 |       |     7 ||    11
       Bite              |     3 |       |    12 ||    15
       Punch             |     1 |     2 |     1 ||     4
 Cast: Beastly Appendage |     7 |     1 |    10 ||    18
       Spider Form       |     2 |    19 |    18 ||    39
       Ice Form          |       |     1 |     2 ||     3
       Wereblood         |       |     1 |     3 ||     4
  Use: Scroll            |     5 |     2 |     5 ||    12
       Potion            |     1 |     2 |     3 ||     6
 Stab: Sleeping          |       |     4 |     4 ||     8
Armor: Robe              |     9 |       |    20 ||    29
       Skin              |     2 |     5 |     7 ||    14
Dodge: Dodged            |    31 |    82 |   125 ||   238

Levels and vault maps discovered:
D:1:      minmay_arrival_semitransparent, layout_rooms, minmay_tetromino_s4
D:2:      layout_basic, hellmonk_ecumenical_altar_defaced_shrine,
          kennysheep_generic_room_11, uniq_jessica, uniq_natasha
D:3:      layout_basic, lemuel_tele_altar, uniq_sigmund
D:4:      minmay_general_purpose_star, layout_basic, nzn_wu_jian_contemplation,
          mainiacjoe_overflow_alcove_1, mainiacjoe_overflow_tiny_flanked,
          minmay_temple_entry_fiery, serial_shops, kennysheep_mini_moat,
          portal_sewer_entry_a
D:5:      layout_basic, grunt_gozag_breadcrumbs, ebering_ghost_rock_garden
D:6:      layout_gridville, corexii_shack, dreamdust_wishing_well,
          supply_closet_lemuel, uniq_maggie
D:7:      layout_loops_ring, palyth_temple_overflow_mages, nzn_ghost_randoct
Temple:   nicolae_temple_x_marks_the_god

Notes
Turn   | Place    | Note
-------+----------+-------------------------------------------
     0 | D:1      | ytrimaz the Gnoll Transmuter began the quest for the Orb.
     0 | D:1      | Reached XP level 1. HP: 17/17 MP: 6/6
     0 | D:1      | magus.rc [v1.9.6]
    20 | D:1      | HP: 4/17 [ball python (2)]
    21 | D:1      | HP: 1/17 [ball python (3)]
   437 | D:1      | Reached XP level 2. HP: 16/23 MP: 7/7
  1140 | D:1      | Learned a level 2 spell: Wereblood
  1277 | D:2      | Reached skill level 5 in Spellcasting
  1277 | D:2      | Reached XP level 3. HP: 28/28 MP: 6/9
  1281 | D:2      | Learned a level 3 spell: Spider Form
  1314 | D:2      | Noticed Natasha
  1326 | D:2      | HP: 5/28 [shadow imp[Natasha] (5)]
  1327 | D:2      | Killed Natasha
  1328 | D:2      | Reached skill level 1 in Short Blades
  1328 | D:2      | Reached skill level 1 in Long Blades
  1328 | D:2      | Reached skill level 1 in Axes
  1328 | D:2      | Reached skill level 1 in Maces & Flails
  1328 | D:2      | Reached skill level 1 in Polearms
  1328 | D:2      | Reached skill level 1 in Staves
  1328 | D:2      | Reached skill level 1 in Ranged Weapons
  1328 | D:2      | Reached skill level 1 in Throwing
  1328 | D:2      | Reached skill level 1 in Armour
  1328 | D:2      | Reached skill level 1 in Stealth
  1328 | D:2      | Reached skill level 1 in Shields
  1328 | D:2      | Reached skill level 1 in Invocations
  1328 | D:2      | Reached skill level 1 in Evocations
  1331 | D:2      | HP: 3/28 [frilled lizard (2)]
  1660 | D:2      | Reached XP level 4. HP: 34/34 MP: 7/11
  1693 | D:2      | Learned a level 4 spell: Ice Form
  1851 | D:2      | Noticed Jessica
  1861 | D:2      | Killed Jessica
  1862 | D:2      | Reached skill level 1 in Conjurations
  1862 | D:2      | Reached skill level 1 in Hexes
  1862 | D:2      | Reached skill level 1 in Summonings
  1862 | D:2      | Reached skill level 1 in Necromancy
  1862 | D:2      | Reached skill level 1 in Translocations
  1862 | D:2      | Reached skill level 1 in Fire Magic
  1862 | D:2      | Reached skill level 1 in Ice Magic
  1862 | D:2      | Reached skill level 1 in Air Magic
  1862 | D:2      | Reached skill level 1 in Earth Magic
  1862 | D:2      | Reached skill level 1 in Poison Magic
  2189 | D:2      | Noticed Natasha
  2205 | D:2      | Killed Natasha
  2206 | D:2      | Reached XP level 5. HP: 40/40 MP: 8/12
  2236 | D:2      | Noticed Natasha
  2245 | D:2      | Killed Natasha
  2246 | D:2      | Reached skill level 3 in Fighting
  2246 | D:2      | Reached skill level 4 in Transmutations
  2421 | D:2      | You pick up a book of Cantrips and begin reading...
  2421 | D:2      | You add the spells Necrotise, Summon Small Mammal and
                  | Apportation to your library.
  2425 | D:2      | Found a faded altar of an unknown god.
  2501 | D:2      | You pick up a book of Fire and begin reading...
  2501 | D:2      | You add the spells Fireball, Starburst and Ignition to your
                  | library.
  3520 | D:3      | Noticed Sigmund
  3524 | D:3      | Killed Sigmund
  3525 | D:3      | Reached skill level 2 in Short Blades
  3525 | D:3      | Reached skill level 2 in Long Blades
  3525 | D:3      | Reached skill level 2 in Axes
  3525 | D:3      | Reached skill level 2 in Maces & Flails
  3525 | D:3      | Reached skill level 2 in Polearms
  3525 | D:3      | Reached skill level 2 in Staves
  3525 | D:3      | Reached skill level 2 in Ranged Weapons
  3525 | D:3      | Reached skill level 2 in Throwing
  3525 | D:3      | Reached skill level 2 in Armour
  3525 | D:3      | Reached skill level 5 in Dodging
  3525 | D:3      | Reached skill level 2 in Stealth
  3525 | D:3      | Reached skill level 2 in Shields
  3525 | D:3      | Reached skill level 2 in Invocations
  3525 | D:3      | Reached skill level 2 in Evocations
  3525 | D:3      | Reached XP level 6. HP: 47/47 MP: 14/14
  3876 | D:3      | Found a bloodstained altar of Trog.
  3943 | D:4      | Found an ornate altar of the Wu Jian Council.
  4131 | D:4      | Found a burning altar of Makhleb.
  4184 | D:4      | Found Xeciuh's Jewellery Shoppe.
  4407 | D:4      | Reached skill level 7 in Unarmed Combat
  4407 | D:4      | Reached skill level 2 in Conjurations
  4407 | D:4      | Reached skill level 2 in Hexes
  4407 | D:4      | Reached skill level 2 in Summonings
  4407 | D:4      | Reached skill level 2 in Necromancy
  4407 | D:4      | Reached skill level 2 in Translocations
  4407 | D:4      | Reached skill level 2 in Fire Magic
  4407 | D:4      | Reached skill level 2 in Ice Magic
  4407 | D:4      | Reached skill level 2 in Air Magic
  4407 | D:4      | Reached skill level 2 in Earth Magic
  4407 | D:4      | Reached skill level 2 in Poison Magic
  4407 | D:4      | Reached XP level 7. HP: 52/52 MP: 11/15
  4799 | D:4      | Found a shimmering altar of Xom.
  4973 | D:4      | Found a staircase to the Ecumenical Temple.
  4979 | Temple   | Entered the Ecumenical Temple
  5316 | D:4      | Gained mutation: Armour fits poorly on your strangely
                  | shaped body. [potion of mutation]
  5316 | D:4      | Gained mutation: You occasionally lose the ability to read
                  | scrolls when taking damage. [potion of mutation]
  5316 | D:4      | Gained mutation: You have extremely sharp teeth. [potion of
                  | mutation]
  5317 | D:4      | magus.rc [v1.9.6]
  5358 | D:5      | Entered Level 5 of the Dungeon
  5691 | D:5      | You fall into a shaft and drop 2 floors!
  5695 | D:7      | Noticed a steam dragon
  5702 | D:7      | Found a transporter.
  5973 | D:6      | Reached skill level 3 in Invocations
  6105 | D:6      | Reached skill level 4 in Fighting
  6105 | D:6      | Reached skill level 3 in Short Blades
  6105 | D:6      | Reached skill level 3 in Long Blades
  6105 | D:6      | Reached skill level 3 in Axes
  6105 | D:6      | Reached skill level 3 in Maces & Flails
  6105 | D:6      | Reached skill level 3 in Polearms
  6105 | D:6      | Reached skill level 3 in Staves
  6105 | D:6      | Reached skill level 3 in Ranged Weapons
  6105 | D:6      | Reached skill level 3 in Throwing
  6105 | D:6      | Reached skill level 3 in Armour
  6105 | D:6      | Reached skill level 3 in Stealth
  6105 | D:6      | Reached skill level 3 in Shields
  6105 | D:6      | Reached skill level 3 in Evocations
  6105 | D:6      | Reached XP level 8. HP: 44/60 MP: 5/16
  6263 | D:6      | Lost mutation: You have extremely sharp teeth. [potion of
                  | mutation]
  6263 | D:6      | Lost mutation: Armour fits poorly on your strangely shaped
                  | body. [potion of mutation]
  6263 | D:6      | Lost mutation: You occasionally lose the ability to read
                  | scrolls when taking damage. [potion of mutation]
  6263 | D:6      | Gained mutation: You are partially covered in iridescent
                  | scales. (AC +2) [potion of mutation]
  6263 | D:6      | Gained mutation: Your spells are a little harder to cast,
                  | but a little more powerful. [potion of mutation]
  6290 | D:6      | Noticed Maggie
  6336 | D:6      | HP: 15/60 [Maggie/+0 long sword (8)]
  6339 | D:6      | Killed Maggie
  6340 | D:6      | Reached skill level 6 in Spellcasting
  7053 | D:6      | Reached skill level 3 in Conjurations
  7053 | D:6      | Reached skill level 3 in Hexes
  7053 | D:6      | Reached skill level 3 in Summonings
  7053 | D:6      | Reached skill level 3 in Necromancy
  7053 | D:6      | Reached skill level 3 in Translocations
  7053 | D:6      | Reached skill level 3 in Fire Magic
  7053 | D:6      | Reached skill level 3 in Ice Magic
  7053 | D:6      | Reached skill level 3 in Air Magic
  7053 | D:6      | Reached skill level 3 in Earth Magic
  7053 | D:6      | Reached skill level 3 in Poison Magic
  7053 | D:6      | Reached skill level 4 in Invocations
  7250 | D:6      | Reached skill level 6 in Dodging
  7254 | D:6      | Reached skill level 5 in Transmutations
  7556 | D:6      | Reached XP level 9. HP: 66/66 MP: 18/18
  7965 | D:7      | Found a radiant altar of Vehumet.
  8015 | D:7      | Found an ancient bone altar of Kikubaaqudgha.
  8032 | D:7      | Found a shimmering blue altar of Sif Muna.
  8043 | D:7      | Reached skill level 4 in Short Blades
  8043 | D:7      | Reached skill level 4 in Long Blades
  8043 | D:7      | Reached skill level 4 in Axes
  8043 | D:7      | Reached skill level 4 in Maces & Flails
  8043 | D:7      | Reached skill level 4 in Polearms
  8043 | D:7      | Reached skill level 4 in Staves
  8043 | D:7      | Reached skill level 4 in Ranged Weapons
  8043 | D:7      | Reached skill level 4 in Throwing
  8043 | D:7      | Reached skill level 4 in Armour
  8043 | D:7      | Reached skill level 4 in Stealth
  8043 | D:7      | Reached skill level 4 in Shields
  8043 | D:7      | Reached skill level 4 in Evocations
  8117 | D:7      | Noticed osoart's ghost (novice SpHu)
  8124 | D:7      | Found a transporter.
  8125 | D:7      | Noticed a troll
  8199 | D:7      | HP: 16/80 [orc warrior/+0 trident (11)]
  8201 | D:7      | Killed from afar by an orc priest

Vanquished Creatures
  Maggie (D:6)
  Sigmund (D:3)
  A black bear (D:6)
  3 ogres
  An ice beast (D:6)
  A bullfrog (D:6)
  A scorpion (D:6)
  4 wights (D:6)
  A jelly (D:4)
  2 hounds
  A gnoll bouda (D:6)
  Jessica (D:2)
  Natasha (thrice) (D:2)
  4 orc wizards (D:7)
  4 gnolls (D:6)
  12 adders
  3 shadow imps
  2 white imps (D:6)
  2 ufetubi
  4 worms
  4 dart slugs
  4 orcs
  7 ball pythons
  8 endoplasms
  3 giant cockroaches
  6 goblins
  8 hobgoblins
  3 quokkas
  2 bats
  4 frilled lizards
  5 kobolds
  7 rats
113 creatures vanquished.

Table legend:
 A = Non-vault XP
 B = Vault XP
 C = Vault XP percentage of total XP
 D = Non-vault monster count
 E = Vault monster count
 F = Vault count percentage of total count
                 A         B        C        D         E       F
            +---------+---------+-------+---------+---------+-------
      Total |    1732 |     834 |  32.5 |      94 |      19 |  16.8
            +---------+---------+-------+---------+---------+-------
        D:1 |      27 |       2 |   6.9 |      16 |       1 |   5.9
        D:2 |     116 |      81 |  41.1 |      14 |       5 |  26.3
        D:3 |      57 |     223 |  79.6 |      16 |       1 |   5.9
        D:4 |     247 |      19 |   7.1 |      19 |       7 |  26.9
        D:5 |       8 |       0 |   0.0 |       1 |       0 |   0.0
        D:6 |    1054 |     406 |  27.8 |      22 |       2 |   8.3
        D:7 |     223 |     103 |  31.6 |       6 |       3 |  33.3
            +---------+---------+-------+---------+---------+-------

Illustrated notes

Table legend:
 A = Kills in this place as a percentage of kills in entire the game.
 B = Kills by you in this place as a percentage of kills by you in the entire game.
 C = Kills by friends in this place as a percentage of kills by friends in the entire game.
 D = Other kills in this place as a percentage of other kills in the entire game.
 E = Experience gained in this place as a percentage of experience gained in the entire game.
 F = Experience gained in this place divided by the number of levels of this place that you have seen.
                   A       B       C       D       E      F
               +-------+-------+-------+-------+-------+----------------------
         Total | 100.0 | 100.0 |   N/A |   N/A | 100.0 | 320.8
       Dungeon | 100.0 | 100.0 |   N/A |   N/A | 100.0 | 366.6
               +-------+-------+-------+-------+-------+----------------------

Table legend: (Time is in decaauts)
 A = Elapsed time spent in this place.
 B = Non-inter-level travel time spent in this place.
 C = Inter-level travel time spent in this place.
 D = Time resting spent in this place.
 E = Time spent auto-exploring this place.
 F = Levels seen in this place.
 G = Mean time per level.
                   A        B        C        D        E       F      G
               +--------+--------+--------+--------+--------+-----+--------+
         Total |   8155 |   7967 |    188 |    262 |   6526 |   8 | 1019.4 |
       Dungeon |   8065 |   7877 |    188 |    262 |   6467 |   7 | 1152.1 |
        Temple |     89 |     89 |      0 |      0 |     59 |   1 |   89.0 |
               +--------+--------+--------+--------+--------+-----+--------+

Top non-repeatable levels by time:
     D:6: 1759 daAuts
     D:2: 1446 daAuts
     D:4: 1321 daAuts
     D:1: 1254 daAuts
     D:3: 1222 daAuts
     D:7: 729 daAuts
     D:5: 332 daAuts
  Temple: 89 daAuts
